 Dungeon Crawl Stone Soup version 0.27.1-2-g3b301248ec (webtiles) character file.

Game seed: 15039816370329276462

436 styxcanada the Sneak (level 6, -3/32 HPs)
             Began as a Spriggan Brigand on Oct 5, 2021.
             Was an Initiate of Gozag.
             Killed from afar by a white imp (6 damage)
             ... with a puff of frost
             ... on level 5 of the Dungeon.
             The game lasted 00:20:30 (4755 turns).

styxcanada the Sneak (Spriggan Brigand)             Turns: 4755, Time: 00:20:30

Health: -3/32      AC:  3    Str:  7    XL:     6   Next: 69%
Magic:  8/8        EV: 18    Int: 12    God:    Gozag
Gold:   346        SH:  5    Dex: 19    Spells: 4/7 levels left

rFire    . . .     SeeInvis +   a - +2 dagger
rCold    . . .     Faith    .   i - +0 buckler
rNeg     . . .     Spirit   .   b - +0 robe
rPois    .         Reflect  .   (helmet restricted)
rElec    .         Harm     .   c - +0 cloak
rCorr    .         Rampage  .   (gloves unavailable)
Will     +....                  (boots unavailable)
Stlth    ++++......             (no amulet)
HPRegen  0.10/turn              t - ring of flight
MPRegen  0.11/turn              (no ring)

@: flying, very quick
A: very small, no large weapons, unfitting armour, see invisible, speed 3
a: Renounce Religion, Potion Petition, Call Merchant, Bribe Branch


You were on level 5 of the Dungeon.
You worshipped Gozag.
Gozag was aware of your devotion.
You visited 1 branch of the dungeon, and saw 5 of its levels.

You collected 473 gold pieces.
You spent 72 gold pieces at shops.
You paid 55 gold pieces to Gozag.

Inventory:

Hand Weapons
 a - a +2 dagger (weapon)
 q - a +0 hunting sling
 s - a +2 quarterstaff of chaos
Missiles
 d - 11 poisoned darts (quivered)
 e - 2 curare-tipped darts
 j - 142 stones
 k - 15 sling bullets
Armour
 b - a +0 robe (worn)
 c - a +0 cloak (worn)
 i - a +0 buckler (worn)
Jewellery
 t - a ring of flight (left hand)
Scrolls
 g - 2 scrolls of teleportation
Potions
 f - a potion of curing
 h - 2 potions of lignification
 l - a potion of brilliance {unknown}
 m - 2 potions of degeneration {unknown}
 n - a potion of flight {unknown}
 o - a potion of resistance {unknown}
 p - a potion of cancellation {unknown}
 r - a potion of attraction {unknown}


   Skills:
 * Level 2.5 Fighting
 + Level 3.1 Short Blades
 + Level 3.0 Throwing
 * Level 4.2 Dodging
 * Level 7.9 Stealth
 * Level 1.1 Spellcasting
 * Level 1.1 Conjurations
 * Level 0.7 Air Magic
 * Level 1.4 Poison Magic


You had 4 spell levels left.
You knew the following spells:

 Your Spells              Type           Power      Damage    Failure   Level
a - Mephitic Cloud        Conj/Pois/Air  3%         N/A       67%         3

Your spell library contained the following spells:

 Spells                   Type           Power      Damage    Failure   Level
 Ignite Poison            Fire/Tmut/Pois 1%         N/A       77%         3
 Bolt of Magma            Conj/Fire/Erth 0%         4d4       100%        5


Dungeon Overview and Level Annotations

Branches:
Dungeon (5/15)
 Temple: D:4-7

Altars:
Fedhas
Gozag
Okawaru
Trog
Zin
The Shining One

Shops:
D:2 *

Annotations:
D:5 Sigmund


Innate Abilities, Weirdness & Mutations

You are very small and have problems with some larger weapons.
You are too small for most types of armour.
You have supernaturally acute eyesight. (SInv)
You cover ground extremely quickly. (Speed+++)


Message History

The puff of frost misses you.
Throw: 16 darts (poison)
Press: ? - help, Q - select action, (/) - cycle Shift-Dir - straight line, f/p - Sigmund
Aim: Sigmund, wielding a +0 scythe and wearing a +1 robe of willpower (lightly wounded, poisoned, 60% to hit)
You throw a poisoned dart.
The poisoned dart closely misses the white imp.
The poisoned dart barely misses Sigmund.
The white imp gestures at you. The puff of frost hits you!
Throw: 15 darts (poison)
Press: ? - help, Q - select action, (/) - cycle Shift-Dir - straight line, f/p - Sigmund
Aim: Sigmund, wielding a +0 scythe and wearing a +1 robe of willpower (lightly wounded, poisoned, 60% to hit)
You throw a poisoned dart. The poisoned dart hits the white imp.
Sigmund gestures wildly while chanting.
Sigmund flickers and vanishes for a moment.
The white imp gestures at you. The puff of frost hits you!
* * * LOW HITPOINT WARNING * * *
Throw: 14 darts (poison)
Press: ? - help, Q - select action, (/) - cycle Shift-Dir - straight line, f - white imp
Aim: a white imp (63% to hit)
You throw a poisoned dart.
The poisoned dart closely misses the white imp.
Unknown command.
Throw: 13 darts (poison)
Press: ? - help, Q - select action, (/) - cycle Shift-Dir - straight line, f/p - white imp
Aim: a white imp (63% to hit)
You throw a poisoned dart. The poisoned dart hits the white imp.
Unknown command.
You start resting.
A white imp is nearby!
Throw: 12 darts (poison)
Press: ? - help, Q - select action, (/) - cycle Shift-Dir - straight line, f/p - white imp
Aim: a white imp (63% to hit)
You throw a poisoned dart.
The poisoned dart closely misses the white imp.
The white imp gestures at you. The puff of frost hits you.
You die...
Your body crumbles into a pile of gold.

#.# ######### #.#
@.5.....# #.#
#######.# #.# #.#
#.# #.# #.##
#.#####..####.#
#..@5.....@...#
#############.....
### $


You could see Sigmund (invisible) and a white imp.

Vanquished Creatures
  A scorpion (D:4)
  A bullfrog zombie (D:3)
  A centaur skeleton (D:4)
  2 orc priests (D:4)
  Crazy Yiuf (D:4)
  Natasha (twice) (D:2)
  Robin (D:2)
  6 adders
  An adder skeleton (D:4)
  2 worms
  2 dart slugs
  4 orcs (D:4)
  5 endoplasms
  A giant cockroach (D:1)
  16 goblins
  10 hobgoblins
  A jackal (D:2)
  3 quokkas
  6 ball pythons
  10 bats
  4 frilled lizards
  7 kobolds
  8 rats
95 creatures vanquished.

Notes
Turn   | Place    | Note
-------+----------+-------------------------------------------
     0 | D:1      | styxcanada the Spriggan Brigand began the quest for the
                  | Orb.
     0 | D:1      | Reached XP level 1. HP: 10/10 MP: 2/2
    20 | D:1      | Reached skill level 6 in Stealth
   151 | D:1      | Reached XP level 2. HP: 15/15 MP: 3/3
   618 | D:2      | Noticed Robin
   737 | D:1      | Reached XP level 3. HP: 6/18 MP: 4/4
   949 | D:2      | Noticed Natasha
  1134 | D:2      | Reached skill level 7 in Stealth
  1523 | D:2      | Killed Robin
  1524 | D:2      | Reached XP level 4. HP: 21/23 MP: 5/5
  1856 | D:2      | Found Joserph's Assorted Antiques.
  1860 | D:2      | Bought a blue potion for 17 gold pieces
  1860 | D:2      | Bought a scroll labelled OQUEXO XI KEIL for 19 gold pieces
  1860 | D:2      | Bought a scroll labelled GAMOOR TARUIFF for 19 gold pieces
  1860 | D:2      | Bought a black potion for 17 gold pieces
  1873 | D:2      | Killed Natasha
  2309 | D:2      | Noticed Natasha
  2325 | D:2      | Killed Natasha
  2326 | D:2      | Reached XP level 5. HP: 21/26 MP: 6/6
  2547 | D:2      | Learned a level 3 spell: Mephitic Cloud
  2669 | D:3      | Found a blossoming altar of Fedhas.
  2669 | D:3      | Found an iron altar of Okawaru.
  2669 | D:3      | Found a bloodstained altar of Trog.
  2669 | D:3      | Found a glowing silver altar of Zin.
  2669 | D:3      | Found an opulent altar of Gozag.
  2675 | D:3      | Became a worshipper of Gozag Ym Sagoz the Greedy
  3677 | D:3      | Found a glowing golden altar of the Shining One.
  3980 | D:4      | Reached skill level 1 in Spellcasting
  3980 | D:4      | Reached XP level 6. HP: 31/31 MP: 8/8
  4058 | D:4      | Reached skill level 1 in Conjurations
  4145 | D:4      | Reached skill level 1 in Poison Magic
  4469 | D:4      | Found a runed translucent door.
  4470 | D:4      | Noticed Crazy Yiuf
  4497 | D:4      | Killed Crazy Yiuf
  4684 | D:5      | Entered Level 5 of the Dungeon
  4713 | D:5      | Noticed Sigmund
  4733 | D:5      | HP: 1/32 [white imp/puff of frost (11)]
  4755 | D:5      | Killed from afar by a white imp

Illustrated notes

Levels and vault maps discovered:
D:1:      zaba_arrival_water, layout_basic
D:2:      minmay_chambers_of_twos, layout_basic, serial_shops,
          nicolae_shop_trees, uniq_robin, uniq_natasha
D:3:      layout_basic, lemuel_round_altar, grunt_temple_overflow_open
D:4:      layout_rooms, minmay_misc_feat_square, grunt_decor_clamped,
          uniq_crazy_yiuf_cottage
D:5:      layout_loops_ring, xom_teletrap_fun, serial_bayou_pond_d,
          minivault_26, uniq_sigmund

Skill      XL: |  1  2  3  4  5  6 |
---------------+-------------------+-----
Stealth        | 6 7 |  7.9
Dodging        | 2 3 4 |  4.2
Fighting       | 2 |  2.5
Short Blades   | 3 |  3.1
Spellcasting   | 1 |  1.1
Conjurations   | 1 |  1.1
Poison Magic   | 1 |  1.4
Throwing       | 3 |  3.0
Air Magic      | |  0.7

Action                   |  1- 3 |  4- 6 || total
-------------------------+-------+-------++-------
Melee: Dagger            |   126 |   153 ||   279
Throw: Dart              |    26 |    65 ||    91
  Use: Scroll            |       |     6 ||     6
 Stab: Sleeping          |     9 |    12 ||    21
       Distracted        |       |     2 ||     2
Armor: Robe              |    23 |    11 ||    34
Dodge: Dodged            |   104 |   111 ||   215
Block: Buckler           |       |     7 ||     7
